 Dungeon Crawl Stone Soup version 0.30-a0-586-g23e55c9e0a (webtiles) character file.

Game seed: 2701115254958661617

546 BlackLaughter the Conjurer (level 6, -4/45 HPs)
             Began as a Demigod Conjurer on Jan 3, 2023.
             Slain by Edmund
             ... wielding a +2 flail of venom
              (10 damage)
             ... on level 4 of the Dungeon.
             The game lasted 00:35:46 (4511 turns).

BlackLaughter the Conjurer (Demigod Conjurer)       Turns: 4511, Time: 00:35:46

Health: -4/45      AC: 14    Str: 14    XL:     6   Next: 78%
Magic:  12/15      EV:  6    Int: 28    God:
Gold:   227        SH:  0    Dex: 12    Spells: 11/12 levels left

rFire   . . .      SeeInvis .    e - +1 short sword
rCold   . . .      Faith    .    (no shield)
rNeg    . . .      Spirit   .    h - +0 chain mail
rPois   .          Reflect  .    m - +0 helmet
rElec   .          Harm     .    c - +0 cloak
rCorr   .          Rampage  .    n - +0 pair of gloves
Will    .....                    s - +0 pair of boots Stlth
                                 u - amulet of magic regeneration
HPRegen 0.27/turn                g - ring of flight
MPRegen 0.54/turn                k - +6 ring of strength

@: lethally poisoned (-4 -> -14), flying
A: high MP 1, forlorn, divine attributes, mutation resistance 1, shaggy fur 1
a: no special abilities


You were on level 4 of the Dungeon.
You visited 1 branch of the dungeon, and saw 4 of its levels.

You collected 227 gold pieces.

Inventory:

Hand Weapons
 e - a +1 short sword (weapon)
Armour
 a - a +0 robe
 c - a +0 cloak (worn)
 d - a +0 ring mail
 f - a +0 plate armour
 h - a +0 chain mail (worn)
 m - a +0 helmet (worn)
 n - a +0 pair of gloves (worn)
 r - a +0 buckler
 s - a +0 pair of boots (worn)
Jewellery
 g - a ring of flight (left hand)
 k - a +6 ring of strength (right hand)
 u - an amulet of magic regeneration (around neck)
Wands
 l - a wand of iceblast (15)
Scrolls
 j - 4 scrolls of teleportation
 p - 2 scrolls of identify
 q - a scroll of poison
Potions
 b - a potion of magic
 o - a potion of attraction


   Skills:
 + Level 0.2 Fighting
 + Level 0.5 Short Blades
 + Level 2.0 Armour
 + Level 2.1 Dodging
 + Level 2.1 Stealth
 + Level 3.9 Spellcasting
 + Level 5.9 Conjurations


You had 11 spell levels left.
You knew the following spells:

 Your Spells              Type           Power      Damage    Failure   Level
a - Magic Dart            Conj           100%       1d8       17%         1

Your spell library contained the following spells:

 Spells                   Type           Power      Damage    Failure   Level
 Searing Ray              Conj           76%        2d7       26%         2
 Dazzling Flash           Conj/Hex       44%        N/A       86%         3
 Stone Arrow              Conj/Erth      44%        3d9       86%         3
 Sandblast                Erth           10%        2d5       89%         1
 Passwall                 Tmut/Erth      4%         N/A       96%         2
 Fulminant Prism          Conj/Hex       11%        3d9       99%         4
 Iskenderun's Mystic Bla  Conj/Tloc      22%        2d6       99%         4


Dungeon Overview and Level Annotations

Branches:
Dungeon (4/15)             Temple (0/1) D:4

Annotations:
D:4 Edmund


Innate Abilities, Weirdness & Mutations

You have an increased reservoir of magic. (+10% MP)
You shall have no god before yourself.
Your divine heritage dramatically boosts your attributes as you level up.
You are somewhat resistant to further mutation.
You are covered in fur. (AC +1)


Message History

You feel very sick. Edmund hits you but does no damage.
You are more poisoned.
Aiming: Magic Dart (safe; 17% risk of failure)
Press: ? - help, Q - select action, (/) - cycle Shift-Dir - straight line, f/p - Edmund
Aim: Edmund, wielding a +2 flail of venom and wearing a +1 ring mail of fire resistance (heavily wounded, inner flame, 100% to hit)
The magic dart hits Edmund.
Flame seeps out of Edmund.
Edmund is heavily wounded.
You feel very sick.
Edmund is engulfed in blazing flames.
Flame seeps out of Edmund.
Edmund clears his throat.
Edmund hits you but does no damage.
You are lethally poisoned!
You feel better.
Edmund is engulfed in blazing flames.
Flame seeps out of Edmund.
Edmund gestures with his flail.
Edmund hits you with a +2 flail of venom.
You are poisoned.
As you read the scroll of immolation, it crumbles to dust.
The creatures around you are filled with an inner flame!
You feel very sick.
Edmund is engulfed in blazing flames.
Flame seeps out of Edmund.
Edmund hits you with a +2 flail of venom!
* * * LOW HITPOINT WARNING * * *
You are lethally poisoned!
Aiming: Magic Dart (safe; 17% risk of failure)
Press: ? - help, Q - select action, (/) - cycle Shift-Dir - straight line, f/p - Edmund
Aim: Edmund, wielding a +2 flail of venom and wearing a +1 ring mail of fire resistance (almost dead, inner flame, 100% to hit)
The magic dart hits Edmund but does no damage.
Edmund is almost dead.
* * * LOW HITPOINT WARNING * * *
You feel very sick. Edmund hits you but does no damage.
Your magical contamination has completely faded away.
The air fills with toxic fumes!
As you read the scroll of poison, it crumbles to dust.
* * * LOW HITPOINT WARNING * * *
You feel very sick.
Edmund hits you with a +2 flail of venom!
You die...

#............## #.
§§§§§§§§§§§§§§##### #.
§§§§§§§§§§§§§§§...# #.
§§§§§§§§§§§§§§§...# ###.
§§§§§§§§§§§§§§§...###...
§§§§§§§§§§§§§§§...##..#.
#§§§§§§§§§§§§#.......##.
#§§§§§§§@§§§##....#####†
#..#.##@######....# ##..
..##... #§# #....###...
.##...##§# #....##....
..#.#..§§#######.####....
#.......#§#.......##......
#####.#..##.§§§.......##.#....
....#.#.##..§§#.......##.#....
#.........#§##.......##.##...
#........##.##.......##.#....


You could see Edmund (inner flame).

Vanquished Creatures
  A phantom (D:2)
  A scorpion (D:4)
  A bullfrog (D:4)
  An orc priest (D:4)
  A jelly (D:4)
  An orc wizard (D:4)
  Jessica (D:2)
  Natasha (thrice) (D:2)
  Robin (D:2)
  4 adders
  A worm (D:3)
  6 orcs
  8 ball pythons
  6 endoplasms
  3 giant cockroaches
  19 goblins
  8 hobgoblins
  2 jackals (D:2)
  7 quokkas
  7 bats
  3 frilled lizards
  5 kobolds
  23 rats
113 creatures vanquished.

Notes
Turn   | Place    | Note
-------+----------+-------------------------------------------
     0 | D:1      | BlackLaughter the Demigod Conjurer began the quest for the
                  | Orb.
     0 | D:1      | Reached XP level 1. HP: 14/14 MP: 5/5
   338 | D:1      | Reached skill level 4 in Conjurations
   383 | D:1      | Reached XP level 2. HP: 20/20 MP: 0/7
   880 | D:1      | You are sucked into a shaft and drop 1 floor!
  1042 | D:2      | Reached XP level 3. HP: 20/26 MP: 0/8
  1560 | D:2      | Noticed Natasha
  1564 | D:2      | Killed Natasha
  1565 | D:2      | Reached XP level 4. HP: 33/33 MP: 4/10
  1626 | D:2      | Noticed Natasha
  1641 | D:2      | Killed Natasha
  1642 | D:2      | Reached skill level 1 in Armour
  1695 | D:2      | Noticed Natasha
  1699 | D:2      | Killed Natasha
  1800 | D:2      | Reached XP level 5. HP: 38/38 MP: 4/12
  1831 | D:2      | Noticed Robin
  1837 | D:2      | Killed Robin
  1861 | D:2      | Reached skill level 5 in Conjurations
  2028 | D:2      | Noticed Jessica
  2031 | D:2      | Killed Jessica
  2947 | D:1      | Gained mutation: You have a pair of small horns on your
                  | head. [potion of mutation]
  2947 | D:1      | Gained mutation: Your spells are a little harder to cast,
                  | but a little more powerful. [potion of mutation]
  3377 | D:3      | Lost mutation: Your spells are a little harder to cast, but
                  | a little more powerful. [potion of mutation]
  3377 | D:3      | Lost mutation: You have a pair of small horns on your head.
                  | [potion of mutation]
  3377 | D:3      | Gained mutation: You are somewhat resistant to further
                  | mutation. [potion of mutation]
  3377 | D:3      | Gained mutation: You are covered in fur. (AC +1) [potion of
                  | mutation]
  3690 | D:3      | Identified the +10 sling "Efoc" {drain, *Corrode rC+ Will+
                  | Int+3}
  3934 | D:4      | Reached XP level 6. HP: 45/45 MP: 12/14
  4255 | D:4      | Noticed Edmund
  4466 | D:4      | Found a staircase to the Ecumenical Temple.
  4511 | D:4      | Slain by Edmund

Illustrated notes

Levels and vault maps discovered:
D:1:      dpeg_arrival_pits, layout_loops_corners
D:2:      layout_loops_ring, minmay_rat_hole, uniq_natasha, uniq_jessica,
          uniq_robin
D:3:      layout_basic
D:4:      layout_rooms, minmay_temple_entry_proselytizer, st_stairs_9,
          uniq_edmund

Skill      XL: |  1  2  3  4  5  6 |
---------------+-------------------+-----
Conjurations   | 4 5 |  5.9
Spellcasting   | 2 3 |  3.9
Armour         | 1 2 |  2.0
Dodging        | 2 |  2.1
Stealth        | 2 |  2.1
Fighting       | |  0.2
Short Blades   | |  0.5

Action                   |  1- 3 |  4- 6 || total
-------------------------+-------+-------++-------
Melee: Short sword       |    26 |     5 ||    31
 Cast: Magic Dart        |    82 |   169 ||   251
  Use: Scroll            |       |    10 ||    10
       Potion            |       |    10 ||    10
Armor: Ring mail         |    15 |     6 ||    21
       Chain mail        |     4 |    28 ||    32
       Plate armour      |     2 |       ||     2
Dodge: Dodged            |    16 |    23 ||    39

Table legend: (Time is in decaauts)
 A = Elapsed time spent in this place.
 B = Non-inter-level travel time spent in this place.
 C = Inter-level travel time spent in this place.
 D = Time resting spent in this place.
 E = Time spent auto-exploring this place.
 F = Levels seen in this place.
 G = Mean time per level.
                   A        B        C        D        E       F      G
               +--------+--------+--------+--------+--------+-----+--------+
         Total |   4520 |   4197 |    323 |    380 |   3018 |   4 | 1130.0 |
       Dungeon |   4520 |   4197 |    323 |    380 |   3018 |   4 | 1130.0 |
               +--------+--------+--------+--------+--------+-----+--------+

Top non-repeatable levels by time:
     D:2: 1674 daAuts
     D:1: 1520 daAuts
     D:3: 786 daAuts
     D:4: 539 daAuts
